 Dungeon Sprint DCSS version 0.19.0-19-g8c6edcc (webtiles) character file.

1220 Kadarus the Bludgeoner (level 8, -7/78 HPs)
             Began as an Ogre Berserker on Nov 14, 2016.
             Was an Elder of Trog.
             Mangled by a demonic crawler (8 damage)
             ... in the Dungeon (Sprint I: "Red Sonja").
             The game lasted 00:02:45 (667 turns).

Kadarus the Bludgeoner (Ogre Berserker)              Turns: 667, Time: 00:02:46

Health: -7/78      AC:  3    Str: 23    XL:     8   Next: 47%
Magic:  8/8        EV: 12    Int:  6    God:    Trog [****..]
Gold:   425        SH:  0    Dex: 11    Spells: 0 memorised, 7 levels left

rFire  . . .     SeeInvis .     j - -2 giant club (curse)
rCold  . . .     Gourm    .     b - +0 animal skin
rNeg   . . .     Faith    .     (shield currently unavailable)
rPois  .         Spirit   .     (helmet restricted)
rElec  .         Reflect  .     (no cloak)
rCorr  .         Harm     .     (gloves unavailable)
MR     .....     NoTele   +     (boots unavailable)
Stlth  +.........               (no amulet)
                                (no ring)
                                (no ring)

@: exhausted, slowed, very slow
A: unfitting armour, tough skin 1
a: Berserk, Trog's Hand, Brothers in Arms, Burn Spellbooks, Renounce Religion


You were in the Dungeon.
You worshipped Trog.
Trog was greatly pleased with you.
You were not hungry.

You visited 1 branch You collected 425 gold pieces.

Inventory:

Hand Weapons
 j - a cursed -2 giant club (weapon)
Armour
 b - a +0 animal skin (worn)
Scrolls
 i - a scroll of blinking
 k - a scroll of immolation {unknown}
Potions
 d - a potion of curing
 e - a potion of heal wounds
 f - a potion of haste
 g - 2 potions of magic
 h - a potion of berserk rage


   Skills:
 - Level 4.0 Fighting
 - Level 18.8 Maces & Flails
 + Level 6.4 Throwing
 + Level 6.7 Dodging


You had 7 spell levels left.
You didn't know any spells.

Dungeon Overview and Level Annotations

Branches:
Dungeon (1/1)

Altars:
Cheibriados
Dithmenos
Elyvilon
Fedhas
Gozag
Hepliaklqana
Kikubaaqudgha
Makhleb
Nemelex Xobeh
Okawaru
Qazlal
Ru
Sif Muna
Trog
Uskayaw
Vehumet
Xom
Yredelemnul
Zin
The Shining One
Jiyva
Lugonu

Shops:
D :


Innate Abilities, Weirdness & Mutations

You are too large for most types of armour.
You have tough skin. (AC +1)


Message History

You barely miss the demonic crawler.
The demonic crawler is lightly wounded.
The demonic crawler hits you. x2; The demonic crawler hits you! x2
The demonic crawler barely misses you. The demonic crawler hits you!
The demonic crawler closely misses you. x2; The demonic crawler hits you!
You feel a strong urge to attack something.
There is an open door, spattered with blood here.
Items here: )) [[ †† You are no longer berserk.
You are exhausted.
You feel yourself slow down. The demonic crawler hits you!
* * * LOW HITPOINT WARNING * * *
The demonic crawler barely misses you. The demonic crawler hits you.
* * * LOW HITPOINT WARNING * * *
The demonic crawler barely misses you. The demonic crawler closely misses you.
The demonic crawler hits you!
* * * LOW HITPOINT WARNING * * *
The demonic crawler hits you!
You die...

########################
.#..)..#..'..#__#s.s...#
.[..#..').#..'^.@ss#...##+#
.#####'#####'#__####...'..#
.####..#...#.#### #####..+
.#__####..##.# ##
.#_____##'#..+
⌠#_.∩...'..._#
##_..__##_.#'#
#_____###+#[# ####### ###


You could see 4 demonic crawlers.

Vanquished Creatures
  2 kobold demonologists (D)
  A slime creature (D)
  Sigmund (D)
  A yak (D)
  A floating eye (D)
  An ogre (D)
  A jelly (D)
  Ijyb (D)
9 creatures vanquished.

Notes
Turn   | Place    | Note
-------+----------+-------------------------------------------
     0 | D        | Kadarus the Ogre Berserker began the quest for the Orb.
     0 | D        | Reached XP level 1. HP: 24/24 MP: 1/1
     1 | D        | Noticed Ijyb
    20 | D        | Killed Ijyb
    20 | D        | Reached skill level 8 in Maces & Flails
    20 | D        | Reached XP level 2. HP: 22/32 MP: 2/2
    20 | D        | Reached XP level 3. HP: 27/39 MP: 3/3
   112 | D        | Noticed an ogre
   117 | D        | Killed an ogre
   117 | D        | Reached skill level 12 in Maces & Flails
   117 | D        | Reached XP level 4. HP: 48/48 MP: 4/4
   167 | D        | Noticed Sigmund
   173 | D        | Killed Sigmund
   173 | D        | Reached ** piety under Trog
   173 | D        | Reached skill level 15 in Maces & Flails
   173 | D        | Reached XP level 5. HP: 54/54 MP: 5/5
   173 | D        | Reached XP level 6. HP: 62/62 MP: 6/6
   228 | D        | Found a deep blue altar of Sif Muna.
   230 | D        | Found a radiant altar of Vehumet.
   233 | D        | Reached skill level 16 in Maces & Flails
   256 | D        | Found Boyhiupu's Book Emporium.
   256 | D        | Found an ancient bone altar of Kikubaaqudgha.
   256 | D        | Found a hazy altar of Hepliaklqana.
   256 | D        | Found a hide-covered altar of Uskayaw.
   256 | D        | Found a basalt altar of Yredelemnul.
   256 | D        | Found an opulent altar of Gozag.
   256 | D        | Found a snail-covered altar of Cheibriados.
   256 | D        | Found a sacrificial altar of Ru.
   256 | D        | Found a shadowy altar of Dithmenos.
   256 | D        | Noticed a yak
   257 | D        | Found a stormy altar of Qazlal.
   257 | D        | Found a blossoming altar of Fedhas.
   257 | D        | Found a bloodstained altar of Trog.
   257 | D        | Found an iron altar of Okawaru.
   257 | D        | Found a glowing golden altar of the Shining One.
   257 | D        | Found a glowing silver altar of Zin.
   257 | D        | Found a white marble altar of Elyvilon.
   262 | D        | Killed a yak
   262 | D        | Reached skill level 17 in Maces & Flails
   262 | D        | Reached XP level 7. HP: 23/70 MP: 7/7
   475 | D        | Found a sparkling altar of Nemelex Xobeh.
   490 | D        | Found a viscous altar of Jiyva.
   490 | D        | Found a corrupted altar of Lugonu.
   490 | D        | Noticed a slime creature
   491 | D        | Found a burning altar of Makhleb.
   491 | D        | Found a shimmering altar of Xom.
   496 | D        | Killed a slime creature
   496 | D        | Reached *** piety under Trog
   496 | D        | Reached skill level 18 in Maces & Flails
   625 | D        | Noticed a kobold demonologist
   626 | D        | Noticed a kobold demonologist
   632 | D        | Noticed a rust devil
   632 | D        | Killed a kobold demonologist
   632 | D        | Reached skill level 5 in Throwing
   632 | D        | Reached skill level 5 in Dodging
   632 | D        | Reached XP level 8. HP: 73/78 MP: 8/8
   637 | D        | Killed a kobold demonologist
   637 | D        | Reached **** piety under Trog
   656 | D        | Noticed a demonic crawler
   656 | D        | Noticed a demonic crawler
   656 | D        | Noticed a demonic crawler
   656 | D        | Noticed a demonic crawler
   666 | D        | HP: 1/78 [demonic crawler (12)]
   667 | D        | Mangled by a demonic crawler

Skill      XL: |  1  2  3  4  5  6  7  8 |
---------------+-------------------------+-----
Maces & Flails | 8 12 15 17 18 | 18.8
Throwing       | 5 6 |  6.4
Dodging        | 5 6 |  6.7
Fighting       | |  4.0

Action                   |  1- 3 |  4- 6 |  7- 9 || total
-------------------------+-------+-------+-------++-------
Melee: Mace              |    22 |       |       ||    22
       Giant club        |       |    10 |    18 ||    28
Invok: Berserk           |     1 |     1 |     1 ||     3
  Eat: Bread ration      |       |       |     1 ||     1
Armor: Animal skin       |     4 |     1 |     4 ||     9
Dodge: Dodged            |    12 |       |    10 ||    22
